 Dungeon Crawl Stone Soup version 0.19.1-1-g22dce08 (webtiles) character file.

846 LORDOFBUTT the Covert (level 7, -8/32 HPs)
             Began as a Spriggan Enchanter on Dec 29, 2016.
             Was an Initiate of Gozag.
             Mangled by a gnoll
             ... wielding a +0 halberd
              (16 damage)
             ... on level 5 of the Dungeon.
             The game lasted 00:10:39 (5621 turns).

LORDOFBUTT the Covert (Spriggan Enchanter)          Turns: 5621, Time: 00:10:39

Health: -8/32      AC:  7    Str:  4      XL:     7   Next: 68%
Magic:  7/17       EV: 18    Int: 16      God:    Gozag
Gold:   251        SH:  0    Dex: 18 (19) Spells: 4 memorised, 9 levels left

rFire  . . .     SeeInvis +     a - +1 dagger
rCold  . . .     Gourm    .     F - +2 robe {rN+}
rNeg   + . .     Faith    .     (shield restricted)
rPois  .         Spirit   .     (helmet restricted)
rElec  .         Reflect  .     s - +2 cloak
rCorr  .         Harm     .     (gloves unavailable)
MR     +....                    (boots unavailable)
Stlth  ++++......               f - amulet of magic regeneration
                                (no ring)
                                (no ring)

@: very quick
A: unfitting armour, see invisible, herbivore 3, speed 3, slow metabolism 2
a: Potion Petition, Call Merchant, Bribe Branch, Renounce Religion


You were on level 5 of the Dungeon.
You worshipped Gozag.
Gozag was aware of your devotion.
You were not hungry.

You visited 2 branches of the dungeon, and saw 6 of its levels.

You collected 328 gold pieces.
You paid 77 gold pieces to Gozag.

Inventory:

Hand Weapons
 a - a +1 dagger (weapon)
Armour
 s - a +2 cloak (worn)
 F - a +2 robe of positive energy (worn)
 H - a +2 robe of fire resistance
Jewellery
 f - an amulet of magic regeneration (around neck)
 h - an uncursed ring of flight
Wands
 q - a wand of disintegration (10/24)
 y - a wand of slowing (36/48)
 A - a wand of flame (23/48)
Scrolls
 e - 4 scrolls of teleportation
 g - a scroll of recharging {unknown}
 j - a scroll of magic mapping {unknown}
 l - a scroll of amnesia {unknown}
 m - 3 scrolls of remove curse
 n - a scroll of random uselessness {unknown}
 p - a scroll of immolation {unknown}
 t - a scroll of blinking {unknown}
 w - a scroll of enchant weapon {unknown}
 E - a scroll of fog {unknown}
 I - a scroll of enchant armour {unknown}
Potions
 b - a potion of might {unknown}
 i - a potion of flight {unknown}
 k - a potion of resistance {unknown}
 o - 4 potions of curing
 r - a potion of agility {unknown}
 u - a potion of heal wounds {unknown}
 v - 3 potions of brilliance {unknown}
 x - 5 potions of lignification
 z - a potion of cancellation {unknown}
 B - a potion of ambrosia {unknown}
 C - 2 potions of haste {unknown}
 D - 2 potions of degeneration {unknown}
Books
 c - a book of Maledictions

   Spells                             Type                      Level
   a - Corona                         Hexes                        1
   b - Ensorcelled Hibernation        Hexes/Ice                    2
   c - Confuse                        Hexes                        3
   d - Tukima's Dance                 Hexes                        3
   e - Dazzling Spray                 Conjuration/Hexes            3
Comestibles
 d - 2 bread rations
 G - 2 fruits


   Skills:
 - Level 1.1 Short Blades
 - Level 3.0 Dodging
 + Level 9.6 Stealth
 * Level 6.0 Spellcasting
 * Level 6.1 Hexes
 + Level 1.9 Ice Magic


You had 9 spell levels left.
You knew the following spells:

 Your Spells              Type           Power        Failure   Level  Hunger
a - Corona                Hex            ###....      1%          1    None
b - Ensorcelled Hibernat  Hex/Ice        ###...       4%          2    #......
c - Confuse               Hex            ###.....     3%          3    ##.....
d - Tukima's Dance        Hex            ###.....     3%          3    ##.....


Dungeon Overview and Level Annotations

Branches:
Dungeon (5/15)             Temple (1/1) D:4

Altars:
Ashenzari
Dithmenos
Fedhas
Gozag
Nemelex Xobeh
Okawaru
Qazlal
Ru
Sif Muna
Trog
Uskayaw
Vehumet
Xom
Yredelemnul
Zin
The Shining One

Annotations:
D:5 Eustachio


Innate Abilities, Weirdness & Mutations

You are very small and have problems with some larger weapons.
You are too small for most types of armour.
You have supernaturally acute eyesight. (SInv)
You are a herbivore.
You cover ground extremely quickly.
You need consume almost no food.


Message History

Aim: a gnoll, wielding a halberd (chance to defeat MR: 56%)
Okay, then.
Casting: Ensorcelled Hibernation
Confirm with . or Enter, or press ? or * to list all spells.
Aiming: Confuse
Press: ? - help, Shift-Dir - straight line, f/p - gnoll
Aim: a gnoll, wielding a club (chance to defeat MR: 62%)
The gnoll appears confused.
The gnoll barely misses the gnoll.
The gnoll closely misses you.
You hit the gnoll.
The gnoll is lightly wounded.
You hit the gnoll.
The gnoll is moderately wounded.
The gnoll closely misses you. The gnoll completely misses you.
You hit the gnoll.
The gnoll is moderately wounded.
The gnoll hits you from afar with a halberd!
Ouch! That really hurt!
You die...
Your body crumbles into a pile of gold.

#....#.# #....#.##
#......>#
#.......#
########.####
#........rg.######
#........#g.g..g.#
#.....$..#..####g#
.....[..g#.g####@#
#.....).......##.#
........##..#.##.#
#.............%..#
###..#####.......#
.....### #.##.#>##
.#.....# #.##.#.#
.#.....# #.##.#.#
.......# #<##.#.#


You could see 2 gnolls.

Vanquished Creatures
  Sigmund (D:5)
  Blork the orc (D:5)
  3 crimson imps (D:5)
  A bullfrog skeleton (D:5)
  2 orc priests
  A gnoll shaman (D:5)
  Natasha (thrice) (D:3)
  Terence (D:3)
  4 worker ants
  A hound skeleton (D:4)
  4 gnolls
  6 adders
  3 oozes
  A worm (D:5)
  4 dart slugs
  2 leopard geckos
  7 orcs
  4 giant cockroaches
  3 goblins
  7 hobgoblins
  7 jackals
  2 quokkas (D:4)
  7 bats
  3 frilled lizards
  A giant cockroach zombie (D:5)
  9 kobolds
  5 rats
93 creatures vanquished.

Vanquished Creatures (collateral kills)
  2 orcs (D:4)
2 creatures vanquished.

Vanquished Creatures (others)
  2 dancing weapons (D:5)
2 creatures vanquished.

Grand Total: 97 creatures vanquished

Notes
Turn   | Place    | Note
-------+----------+-------------------------------------------
     0 | D:1      | LORDOFBUTT the Spriggan Enchanter began the quest for the Orb.
     0 | D:1      | Reached XP level 1. HP: 9/9 MP: 5/5
   106 | D:1      | Reached skill level 5 in Stealth
   189 | D:1      | Reached XP level 2. HP: 6/13 MP: 6/6
   193 | D:1      | Learned a level 2 spell: Ensorcelled Hibernation
   565 | D:1      | Reached skill level 6 in Stealth
   775 | D:1      | Reached XP level 3. HP: 16/16 MP: 8/8
  1050 | D:2      | Reached skill level 7 in Stealth
  1095 | D:2      | Found a shattered altar of Ashenzari.
  1102 | D:2      | Reached XP level 4. HP: 21/21 MP: 9/9
  1367 | D:2      | Reached skill level 8 in Stealth
  1632 | D:3      | Noticed Terence
  1639 | D:3      | Killed Terence
  1691 | D:3      | Noticed Natasha
  1723 | D:3      | Reached XP level 5. HP: 23/24 MP: 8/10
  1833 | D:3      | Learned a level 3 spell: Confuse
  1837 | D:3      | Learned a level 3 spell: Tukima's Dance
  1936 | D:3      | Killed Natasha
  2080 | D:3      | Found a sparkling altar of Nemelex Xobeh.
  2780 | D:3      | Noticed Natasha
  2787 | D:3      | Killed Natasha
  2889 | D:3      | Noticed Natasha
  2893 | D:3      | Killed Natasha
  2970 | D:3      | Reached skill level 1 in Ice Magic
  3004 | D:3      | Reached XP level 6. HP: 22/28 MP: 4/13
  3856 | D:4      | Found a staircase to the Ecumenical Temple.
  3873 | D:4      | Reached skill level 9 in Stealth
  4627 | D:5      | Entered Level 5 of the Dungeon
  4673 | Temple   | Entered the Ecumenical Temple
  4900 | Temple   | Became a worshipper of Gozag Ym Sagoz the Greedy
  4991 | D:5      | Reached skill level 5 in Spellcasting
  4991 | D:5      | Reached skill level 5 in Hexes
  4994 | D:5      | Reached XP level 7. HP: 32/32 MP: 15/15
  4996 | D:5      | Noticed Blork the orc
  5004 | D:5      | Killed Blork the orc
  5162 | D:5      | Found a hide-covered altar of Uskayaw.
  5233 | D:5      | Noticed Sigmund
  5248 | D:5      | Killed Sigmund
  5413 | D:5      | Noticed Eustachio
  5621 | D:5      | Mangled by a gnoll

Skill      XL: |  1  2  3  4  5  6  7 |
---------------+----------------------+-----
Stealth        | 5 6 7 8 9 |  9.6
Spellcasting   | 3 4 5 6 |  6.0
Hexes          | 4 5 6 |  6.1
Ice Magic      | 1 |  1.9
Short Blades   | |  1.1
Dodging        | |  3.0

Action                   |  1- 3 |  4- 6 |  7- 9 || total
-------------------------+-------+-------+-------++-------
Melee: Dagger            |    87 |   199 |    38 ||   324
 Cast: Ensorcelled Hiber |    10 |    36 |     9 ||    55
       Confuse           |       |     5 |     4 ||     9
       Tukima's Dance    |       |     4 |     6 ||    10
  Use: Scroll            |     1 |     2 |     1 ||     4
 Stab: Sleeping          |    14 |    36 |     8 ||    58
       Confused          |       |     1 |       ||     1
  Eat: Pizza             |       |     1 |       ||     1
       Bread ration      |       |     1 |       ||     1
Armor: Robe              |    11 |    40 |    44 ||    95
Dodge: Dodged            |    66 |   228 |   160 ||   454
